 Dungeon Crawl Stone Soup version 0.29.1-14-g9c671dbff4 (webtiles) character file.

Game seed: 5921270933845751451

5681 Barneous the Gusty (level 11, -2/80 HPs)
             Began as a Human Wanderer on Feb 16, 2023.
             Was a Believer of Sif Muna.
             Slain by a tengu warrior
             ... wielding a +0 great mace
              (5 damage)
             ... on level 9 of the Dungeon.
             The game lasted 00:52:48 (8999 turns).

Barneous the Gusty (Human Wanderer)                 Turns: 8999, Time: 00:52:48

Health: -2/80      AC: 13    Str: 12    XL:     11   Next: 4%
Magic:  18/18      EV: 13    Int: 21    God:    Sif Muna [**....]
Gold:   99         SH:  0    Dex: 11    Spells: 14/20 levels left

rFire   . . .      SeeInvis +   b - +3 short sword (spect)
rCold   . . .      Faith    .   (no shield)
rNeg    . . .      Spirit   .   j - +0 troll leather armour
rPois   .          Reflect  .   m - +0 helmet
rElec   .          Harm     .   t - scarf {shadows}
rCorr   .          Rampage  .   d - +2 pair of gloves
Will    +....                   n - +0 pair of boots
Stlth   +++.......              e - amulet of the Gloaming {Regen+ Dex+2}
HPRegen 1.83/turn               w - ring of willpower
MPRegen 0.16/turn               g - ring of see invisible

@: about to teleport, invisible
A: fangs 1, iridescent scales 2
a: Renounce Religion, Channel Magic


You were on level 9 of the Dungeon.
You worshipped Sif Muna.
Sif Muna was pleased with you.
You visited 2 branches of the dungeon, and saw 10 of its levels.

You collected 504 gold pieces.
You spent 405 gold pieces at shops.

Inventory:

Hand Weapons
 b - a +3 spectral short sword (weapon)
 l - a +2 dagger of venom
Missiles
 u - 2 throwing nets
Armour
 c - a +0 cloak
 d - a +2 pair of gloves (worn)
 j - a +0 troll leather armour (worn)
 m - a +0 helmet (worn)
 n - a +0 pair of boots (worn)
 t - a scarf of shadows (worn)
Jewellery
 a - a ring of protection from fire
 e - the amulet of the Gloaming (around neck) {Regen+ Dex+2}
   (You acquired it on level 2 of the Dungeon)

   [amulet of regeneration]

   Dex:       It affects your dexterity (+2).
   Regen:     It increases your rate of health regeneration.
 g - a ring of see invisible (right hand)
 w - a ring of willpower (left hand)
Wands
 o - a wand of acid (7)
 q - a wand of roots (10)
 r - a wand of charming (7)
Scrolls
 s - 3 scrolls of identify
 v - a scroll of teleportation
Potions
 f - 2 potions of curing
 p - 2 potions of flight


   Skills:
 + Level 5.3 Fighting
 + Level 5.1 Short Blades
 + Level 5.0 Dodging
 + Level 5.7 Stealth
 + Level 5.0 Unarmed Combat
 + Level 5.1 Spellcasting
 + Level 6.1 Air Magic
 + Level 5.5 Poison Magic
 + Level 5.2 Evocations


You had 14 spell levels left.
You knew the following spells:

 Your Spells              Type           Power      Damage    Failure   Level
a - Shock                 Conj/Air       72%        1d7       3%          1
b - Sting                 Tmut/Pois      64%        1d6       4%          1
c - Beastly Appendage     Tmut           10%        N/A       14%         1
d - Mephitic Cloud        Conj/Pois/Air  21%        N/A       9%          3

Your spell library contained the following spells:

 Spells                   Type           Power      Damage    Failure   Level
 Spider Form              Tmut/Pois      16%        N/A       13%         3
 Ignite Poison            Fire/Tmut/Pois 13%        N/A       19%         3
 Wereblood                Tmut           5%         N/A       21%         2
 Summon Lightning Spire   Summ/Air       18%        N/A       36%         4
 Summon Ice Beast         Ice/Summ       5%         N/A       80%         4
 Summon Mana Viper        Hex/Summ       5%         N/A       98%         5
 Monstrous Menagerie      Summ           2%         N/A       100%        7


Dungeon Overview and Level Annotations

Branches:
Dungeon (9/15)             Temple (1/1) D:4
   Lair: D:8-11         Orc: D:9-12

Altars:
Ashenzari
Cheibriados
Elyvilon
Gozag
Hepliaklqana
Kikubaaqudgha
Makhleb
Nemelex Xobeh
Okawaru
Qazlal
Ru
Sif Muna
Trog
Uskayaw
Wu Jian
Xom
Yredelemnul
The Shining One

Shops:
D:1 [   D:6 *   D:7 *

Annotations:
D:7 1 runed translucent door, UnskilledLegend's ghost, novice MiBe


Innate Abilities, Weirdness & Mutations

You have very sharp teeth.
You are mostly covered in iridescent scales. (AC +4)


Message History

Your +3 spectral short sword hits the tengu warrior!
The tengu warrior hits you but does no damage.
The tengu warrior pecks you but does no damage.
The tengu warrior claws you but does no damage.
You barely miss the tengu warrior.
The tengu warrior is moderately wounded.
Your +3 spectral short sword hits the tengu warrior.
The tengu warrior hits you with a +0 great mace!
The tengu warrior completely misses you.
The tengu warrior claws you but does no damage.
You hit the tengu warrior.
The tengu warrior is moderately wounded.
Your +3 spectral short sword hits the tengu warrior.
The tengu warrior hits you with a +0 great mace!
The tengu warrior pecks you but does no damage.
The tengu warrior claws you but does no damage.
You hit the tengu warrior.
The tengu warrior is heavily wounded.
Your +3 spectral short sword hits the tengu warrior.
You barely miss the tengu warrior.
The tengu warrior is heavily wounded.
Your +3 spectral short sword closely misses the tengu warrior.
The tengu warrior hits you with a +0 great mace!!
* * * LOW HITPOINT WARNING * * *
The tengu warrior pecks you.
* * * LOW HITPOINT WARNING * * *
The tengu warrior closely misses you.
You fade into invisibility!
The tengu warrior completely misses you.
The tengu warrior pecks you but does no damage.
The tengu warrior completely misses you.
You feel better.
The tengu warrior hits you with a +0 great mace!
* * * LOW HITPOINT WARNING * * *
The tengu warrior pecks you but does no damage.
The tengu warrior claws you but does no damage.
As you read the scroll of teleportation, it crumbles to dust.
You feel strangely unstable.
The tengu warrior hits you with a +0 great mace.
You die...

#.# ##+# #.# ##...##
#.# ##.....## ##.#
#.......######<.#
................#######
................@.....#
..........##.###Q###..#
#.......#.##.# #.#
##.....##.##.# +.+
##...###..... ... ##'##
#####. .8. #.# ......
####.###### 8.8..
...........


You could see a tengu warrior (unable to see you).

Vanquished Creatures
  Pikel (D:8)
  Joseph (D:8)
  Maurice (D:8)
  A troll (D:5)
  A hornet (D:8)
  Sigmund (D:2)
  A wyvern (D:8)
  3 yaks (D:8)
  Grum (D:8)
  A steam dragon (D:6)
  Duvessa (D:7)
  A water moccasin (D:7)
  A sky beast (D:4)
  2 black bears
  4 wolves (D:8)
  A phantom (D:4)
  3 centaurs
  2 lemures (D:8)
  2 kobold brigands
  A gnoll sergeant (D:8)
  2 bullfrogs
  A necrophage (D:5)
  2 scorpions
  5 wights (D:8)
  Dowan (D:7)
  6 killer bees (D:8)
  3 howler monkeys (D:7)
  2 jellies
  Crazy Yiuf (D:5)
  A human zombie (D:3)
  5 orc priests
  A gnoll bouda (D:7)
  A hound (D:6)
  Terence (D:2)
  An iguana (D:6)
  9 orc wizards
  8 gnolls
  7 adders
  A shadow imp (D:8)
  An ufetubus (D:7)
  A worm (D:3)
  2 dart slugs
  26 orcs
  3 endoplasms
  3 giant cockroaches
  10 goblins
  9 hobgoblins
  6 jackals (D:3)
  3 quokkas
  10 ball pythons
  4 bats
  9 frilled lizards
  19 kobolds
  A kobold skeleton (D:3)
  9 rats
204 creatures vanquished.

Notes
Turn   | Place    | Note
-------+----------+-------------------------------------------
     0 | D:1      | Barneous the Human Wanderer began the quest for the Orb.
     0 | D:1      | Barneous set off with the following items: a +0 club, a
                  | potion of mutation, a +0 robe, a +0 pair of gloves; and the
                  | following spells available to memorise: Shock, Sting,
                  | Mephitic Cloud, Ignite Poison, Summon Lightning Spire.
     0 | D:1      | Reached XP level 1. HP: 15/15 MP: 3/3
     0 | D:1      | Gained mutation: You are partially covered in iridescent
                  | scales. (AC +2) [potion of mutation]
     0 | D:1      | Gained mutation: You have hidden genetic potential. [potion
                  | of mutation]
     3 | D:1      | Learned a level 1 spell: Shock
     5 | D:1      | Learned a level 1 spell: Sting
   295 | D:1      | Found Qaj Tirraxuy's Antique Armour Emporium.
   363 | D:1      | Reached XP level 2. HP: 21/21 MP: 3/5
   368 | D:1      | Gained mutation: You have very sharp teeth. [hidden
                  | potential]
   638 | D:1      | Reached XP level 3. HP: 23/26 MP: 4/6
   651 | D:1      | Gained mutation: You are mostly covered in iridescent
                  | scales. (AC +4) [hidden potential]
   651 | D:1      | Lost mutation: You have hidden genetic potential. [hidden
                  | potential expressed]
  1624 | D:2      | Identified a scroll of acquirement
  1624 | D:2      | Acquired the amulet of the Gloaming {Regen+ Dex+2}
  1800 | D:2      | Found a faded altar of an unknown god.
  2015 | D:2      | Noticed Sigmund
  2028 | D:2      | Killed Sigmund
  2029 | D:2      | Reached skill level 1 in Short Blades
  2029 | D:2      | Reached skill level 1 in Dodging
  2029 | D:2      | Reached skill level 1 in Unarmed Combat
  2029 | D:2      | Reached XP level 4. HP: 33/33 MP: 3/7
  2029 | D:2      | Reached XP level 5. HP: 38/38 MP: 3/8
  2029 | D:2      | Reached XP level 6. HP: 44/44 MP: 3/9
  2084 | D:2      | Learned a level 1 spell: Beastly Appendage
  2088 | D:2      | Learned a level 3 spell: Mephitic Cloud
  2404 | D:2      | Noticed Terence
  2410 | D:2      | Killed Terence
  3306 | D:3      | Found a runed translucent door.
  3306 | D:3      | Noticed a human
  3308 | D:3      | Found a basalt altar of Yredelemnul.
  3383 | D:3      | Reached XP level 7. HP: 51/51 MP: 11/11
  3953 | D:4      | Found a staircase to the Ecumenical Temple.
  4685 | D:5      | Entered Level 5 of the Dungeon
  4701 | D:5      | Reached skill level 4 in Air Magic
  4748 | D:5      | Reached XP level 8. HP: 56/57 MP: 12/12
  4825 | Temple   | Entered the Ecumenical Temple
  4881 | Temple   | Became a worshipper of Sif Muna the Loreminder
  4951 | D:5      | Found a hide-covered altar of Uskayaw.
  4965 | D:5      | Noticed a troll
  4980 | D:5      | Killed a troll
  5061 | D:5      | Found a broken altar of Ashenzari.
  5276 | D:5      | Found a runed translucent door.
  5277 | D:5      | Noticed Crazy Yiuf
  5423 | D:5      | Killed Crazy Yiuf
  5538 | D:6      | Found Uguec's Assorted Antiques.
  5547 | D:6      | Bought a pair of boots for 108 gold pieces
  5547 | D:6      | Bought a gold wand for 96 gold pieces
  5547 | D:6      | Bought an iron wand for 96 gold pieces
  5931 | D:6      | Reached XP level 9. HP: 64/64 MP: 12/14
  6108 | D:6      | Found a stormy altar of Qazlal.
  6414 | D:7      | Reached * piety under Sif Muna
  6551 | D:7      | Found Exihoz's General Store.
  6555 | D:7      | Found Kidusouj's Specific Store.
  6607 | D:7      | Reached skill level 5 in Air Magic
  6770 | D:7      | Noticed Dowan
  6773 | D:7      | Noticed Duvessa
  6778 | D:7      | Killed Dowan
  6787 | D:7      | Killed Duvessa
  6919 | D:7      | Found a runed translucent door.
  6919 | D:7      | Noticed UnskilledLegend's ghost (novice MiBe)
  7269 | D:7      | Bought a scroll of enchant weapon for 105 gold pieces
  7325 | D:8      | Noticed Maurice
  7337 | D:8      | Noticed a hornet
  7338 | D:8      | Killed Maurice
  7343 | D:8      | Paralysed by a hornet for 1 turns
  7344 | D:8      | Killed a hornet
  7345 | D:8      | Reached XP level 10. HP: 58/73 MP: 1/16
  7471 | D:8      | Reached skill level 5 in Stealth
  7757 | D:8      | Reached ** piety under Sif Muna
  7766 | D:8      | Reached skill level 5 in Poison Magic
  7808 | D:8      | Noticed Grum
  7819 | D:8      | Killed Grum
  7889 | D:8      | Noticed Pikel
  7906 | D:8      | Killed Pikel
  7907 | D:8      | Reached skill level 5 in Fighting
  7945 | D:8      | Reached skill level 5 in Evocations
  7953 | D:8      | Reached skill level 5 in Spellcasting
  8247 | D:8      | Reached skill level 6 in Air Magic
  8601 | D:8      | Noticed Joseph
  8608 | D:8      | Reached skill level 5 in Short Blades
  8620 | D:8      | Killed Joseph
  8621 | D:8      | Reached skill level 5 in Dodging
  8621 | D:8      | Reached skill level 5 in Unarmed Combat
  8621 | D:8      | Reached XP level 11. HP: 56/80 MP: 9/18
  8981 | D:9      | Noticed a tengu warrior
  8998 | D:9      | HP: 1/80 [tengu warrior/+0 great mace (17)]
  8999 | D:9      | Slain by a tengu warrior

Illustrated notes

Levels and vault maps discovered:
D:1:      dpeg_arrival_simpleton_c, layout_basic, serial_shops,
          nicolae_shop_temple_entry_statues_fountains, minivault_14
D:2:      layout_loops_ring, hellmonk_ecumenical_altar_zigzags, uniq_terence,
          uniq_sigmund
D:3:      layout_loops_ring, dk_yredelemnul_ordeal, minmay_cut_off
D:4:      layout_gridville, minmay_temple_entry_from_below_a
D:5:      layout_cave_pools, lemuel_doored_altar, mainiacjoe_overflow_chevrons,
          uniq_crazy_yiuf_cottage
D:6:      layout_gridville, grunt_qazlal_sundering, serial_shops,
          nicolae_square_shop
D:7:      layout_loops_ring, hellmonk_ghost_happy_afterlife,
          nicolae_specific_store, uniq_duvessa
D:8:      layout_gridville, minmay_misc_feat_roman, wad_floor_pattern_untrapped,
          st_stairs_13, uniq_grum, uniq_pikel, uniq_maurice, uniq_joseph
D:9:      layout_loops_corners, mainiacjoe_overflow_24_doors,
          hellmonk_guarded_unrand_lears
Temple:   eino_temple_lava

Skill      XL: |  1  2  3  4  5  6  7  8  9 10 |
---------------+-------------------------------+-----
Fighting       | 2 3 4 5 |  5.3
Short Blades   | 1 2 3 4 5 |  5.1
Dodging        | 1 2 3 4 5 |  5.0
Stealth        | 2 3 4 5 |  5.7
Unarmed Combat | 1 2 3 4 5 |  5.0
Evocations     | 2 3 4 5 |  5.2
Poison Magic   | 3 4 5 |  5.5
Spellcasting   | 3 4 5 |  5.1
Air Magic      | 4 5 6 |  6.1

Action                   |  1- 3 |  4- 6 |  7- 9 | 10-12 || total
-------------------------+-------+-------+-------+-------++-------
Melee: Club              |     8 |       |       |       ||     8
       Short sword       |    63 |    98 |   215 |   177 ||   553
       Bite              |     6 |     7 |    21 |    22 ||    56
       Kick              |       |     2 |       |       ||     2
       Punch             |       |     1 |     3 |     9 ||    13
       Dagger            |       |       |     6 |       ||     6
       Headbutt          |       |       |     1 |       ||     1
 Cast: Shock             |    20 |    19 |    11 |     6 ||    56
       Sting             |    20 |    15 |    24 |    13 ||    72
       Mephitic Cloud    |       |     2 |    16 |    10 ||    28
       Beastly Appendage |       |     1 |     2 |       ||     3
  Use: Potion            |     3 |     2 |     5 |     7 ||    17
       Scroll            |     7 |     4 |     6 |     2 ||    19
 Stab: Sleeping          |     1 |     2 |     6 |       ||     9
       Confused          |       |       |     8 |     4 ||    12
       Distracted        |       |       |     3 |     3 ||     6
Armor: Robe              |    22 |    18 |    37 |       ||    77
       Troll leather arm |       |       |    48 |    85 ||   133
Dodge: Dodged            |    31 |    51 |   105 |   127 ||   314
